 Dungeon Sprint DCSS version 0.28.0-43-g3370ac3207 (webtiles) character file.

Game seed: 3077222630344822013

1162 smarlow the Thaumaturge (level 8, -13/62 HPs)
             Began as a Djinni Fire Elementalist on Feb 28, 2022.
             Was an Initiate of Jiyva.
             Mangled by a deep troll (19 damage)
             ... in the Dungeon (Sprint I: "Red Sonja").
             The game lasted 00:03:38 (864 turns).

smarlow the Thaumaturge (Djinni Fire Elementalist)   Turns: 864, Time: 00:03:38

Health: -13/62     AC:  2    Str:  7    XL:     8   Next: 67%
Gold:   303        EV: 14    Int: 20    God:    Jiyva [......] SH:  0 Dex: 13

rFire   + + .      SeeInvis .   j - +2 trident (venom)
rCold   x . .      Faith    .   (no shield)
rNeg    . . .      Spirit   .   a - +0 robe
rPois   ∞          Reflect  .   (no helmet)
rElec   .          Harm     .   (no cloak)
rCorr   .          Rampage  .   (no gloves)
Will    .....      NoTele   +   (boots unavailable)
Stlth   ++........              (no amulet)
HPRegen 0.20/turn               (no ring)
MPRegen 0.00/turn               (no ring)

@: flying
A: sickness immunity, fire resistance 2, cold vulnerability 1, float, innate
caster, HP casting, extra vitality 1
a: Renounce Religion


You were in the Dungeon.
You worshipped Jiyva.
Jiyva was noncommittal.
You visited 1 branch You collected 303 gold pieces.

Inventory:

Hand Weapons
 j - a +2 trident of venom (weapon)
Armour
 a - a +0 robe (worn)
 h - a +0 leather armour
Wands
 e - a wand of polymorph (13)
Scrolls
 i - 2 scrolls of acquirement {unknown}
Potions
 b - a potion of curing
 c - a potion of degeneration {unknown}
 d - a potion of haste


   Skills:
 * Level 6.6 Fighting
 + Level 0.8 Armour
 + Level 5.5 Dodging
 - Level 1.5 Stealth
 * Level 12.6 Spellcasting


You had 13 spell levels left.
You knew the following spells:

 Your Spells              Type           Power      Damage    Failure   Level
a - Foxfire               Conj/Fire      100%       2x1d9     1%          1
b - Scorch                Fire           100%       2d10      1%          2
c - Conjure Flame         Conj/Fire      58%        6-21      1%          3
d - Inner Flame           Hex/Fire       58%        N/A       1%          3
e - Flame Wave            Conj/Fire      58%        2d11      1%          4
f - Freeze                Ice            100%       1d11      1%          1
g - Wereblood             Tmut           58%        N/A       1%          2
h - Ignite Poison         Fire/Tmut/Pois 58%        N/A       1%          3
Your spell library was empty.

Dungeon Overview and Level Annotations

Branches:
Dungeon (1/1)

Altars:
Cheibriados
Dithmenos
Elyvilon
Fedhas
Gozag
Hepliaklqana
Kikubaaqudgha
Makhleb
Nemelex Xobeh
Okawaru
Qazlal
Ru
Sif Muna
Trog
Uskayaw
Vehumet
Wu Jian
Xom
Yredelemnul
Zin
The Shining One
Jiyva
Lugonu

Shops:
D [


Innate Abilities, Weirdness & Mutations

You are immune to sickness and miasma.
You are immune to poison.
Your flesh is very heat resistant. (rF++)
You are vulnerable to cold. (rC-)
You float through the air rather than walking.
You learn spells naturally, not from books.
Your magical power is your life essence.
You have superior vitality. (+4 MHP)


Message History

The deep troll's fire resistance burns away.
The deep troll bites you!
* * * LOW HITPOINT WARNING * * *
The deep troll claws you.
* * * LOW HITPOINT WARNING * * *
The deep troll claws you.
* * * LOW HITPOINT WARNING * * *
You hear a slurping noise.
You hear a distant slurping noise.
Blink to where?
Press: ? - help, Dir - move target
As you read the scroll of blinking, it crumbles to dust.
The deep troll bites the floating eye!!
The deep troll claws the floating eye!
The floating eye dies!
You hear a distant slurping noise. x2
The deep troll bites the floating eye!!
The deep troll claws the floating eye!
The deep troll claws the floating eye.
You hear a slurping noise.
There is an open door here.
You reach down and close the door.
You hear a distant slurping noise.
You start resting.
You hear a series of splatters.
You hear a distant slurping noise.
A deep troll opens the door.
Casting: Scorch (safe; 1% risk of failure)
Confirm with . or Enter, or press ? or * to list all spells.
Flames lash the deep troll.
The deep troll is lightly wounded.
The deep troll's fire resistance burns away.
* * * LOW HITPOINT WARNING * * *
A demonic crawler comes into view.
Casting: Scorch (safe; 1% risk of failure)
Confirm with . or Enter, or press ? or * to list all spells.
Flames lash the deep troll.
The deep troll is burned terribly!
The deep troll is moderately wounded.
* * * LOW HITPOINT WARNING * * *
You hear a distant slurping noise.
The demonic crawler shrieks in warning!
The deep troll bites you!!
You die...

###################
#<.#..'..#..'..#__#
#..÷).#..)..#..'..+
#..#####'#####'#__#
#..####..#...#.####§
#..#__####..##.#≈≈§.
#..#_____##'#s..≈§
#⌠⌠#_.∩..@T..._#
####_..__##_.#'#
#_____###'#.#
#########G####.##
.......JT......
..####...######
##.## #.# ...


You could see a demonic crawler (catching breath) and a deep troll
(combustible).

Vanquished Creatures
  Sonja (D)
  A slime creature (D)
  Sigmund (D)
  A yak (D)
  An ogre (D)
  A jelly (D)
  Ijyb (D)
7 creatures vanquished.

Vanquished Creatures (others)
  An unseen horror (D)
  4 floating eyes (D)
  7 necrophages (D)
  22 jellies (D)
  2 ballistomycete spores (D)
  9 foxfires (D)
45 creatures vanquished.

Grand Total: 52 creatures vanquished

Notes
Turn   | Place    | Note
-------+----------+-------------------------------------------
     0 | D        | smarlow the Djinni Fire Elementalist began the quest for
                  | the Orb.
     0 | D        | Reached XP level 1. HP: 15/15 MP: 0/0
     1 | D        | Noticed Ijyb
     8 | D        | Killed Ijyb
     9 | D        | Reached skill level 1 in Fighting
     9 | D        | Reached skill level 4 in Spellcasting
     9 | D        | Reached XP level 2. HP: 23/23 MP: 0/0
     9 | D        | Reached XP level 3. HP: 28/28 MP: 0/0
     9 | D        | Learned a level 1 spell: Freeze
   103 | D        | Noticed an ogre
   110 | D        | Killed an ogre
   111 | D        | Reached skill level 6 in Spellcasting
   111 | D        | Reached XP level 4. HP: 24/35 MP: 0/0
   111 | D        | Reached XP level 5. HP: 28/40 MP: 0/0
   111 | D        | Learned a level 2 spell: Wereblood
   202 | D        | Noticed Sigmund
   223 | D        | Killed Sigmund
   224 | D        | Reached skill level 8 in Spellcasting
   224 | D        | Reached XP level 6. HP: 32/48 MP: 0/0
   333 | D        | Found an ornate altar of the Wu Jian Council.
   339 | D        | Reached skill level 9 in Spellcasting
   445 | D        | Found a viscous altar of Jiyva.
   445 | D        | Found a corrupted altar of Lugonu.
   445 | D        | Noticed a slime creature
   446 | D        | Found a burning altar of Makhleb.
   446 | D        | Found a shimmering altar of Xom.
   452 | D        | Killed a slime creature
   453 | D        | Reached skill level 5 in Fighting
   453 | D        | Reached skill level 10 in Spellcasting
   453 | D        | Reached XP level 7. HP: 21/54 MP: 0/0
   453 | D        | Learned a level 3 spell: Ignite Poison
   636 | D        | Became a worshipper of Jiyva Jugoason the Shapeless
   659 | D        | Found Ocoir's Antique Armour Emporium.
   659 | D        | Found a hazy altar of Hepliaklqana.
   659 | D        | Found a stormy altar of Qazlal.
   659 | D        | Found a hide-covered altar of Uskayaw.
   659 | D        | Found a blossoming altar of Fedhas.
   659 | D        | Found a bloodstained altar of Trog.
   659 | D        | Found an iron altar of Okawaru.
   659 | D        | Found a basalt altar of Yredelemnul.
   659 | D        | Found a glowing golden altar of the Shining One.
   659 | D        | Found a snail-covered altar of Cheibriados.
   659 | D        | Found a sacrificial altar of Ru.
   659 | D        | Found a glowing silver altar of Zin.
   659 | D        | Found a shadowy altar of Dithmenos.
   659 | D        | Found a white marble altar of Elyvilon.
   659 | D        | Noticed a yak
   662 | D        | Killed a yak
   663 | D        | Reached skill level 5 in Dodging
   663 | D        | Reached skill level 11 in Spellcasting
   663 | D        | Found an opulent altar of Gozag.
   664 | D        | Found a sparkling altar of Nemelex Xobeh.
   722 | D        | Killed an unseen horror
   779 | D        | Noticed a shining eye
   848 | D        | Noticed Sonja
   848 | D        | Noticed a shining eye
   849 | D        | Noticed a shining eye
   850 | D        | Killed Sonja
   851 | D        | Reached skill level 12 in Spellcasting
   851 | D        | Reached XP level 8. HP: 58/62 MP: 0/0
   852 | D        | Noticed a deep troll
   863 | D        | Noticed a demonic crawler
   864 | D        | Mangled by a deep troll

Illustrated notes

Levels and vault maps discovered:
D:        dungeon_sprint_1 [red_sonja_temple_1, red_sonja_temple_small_1]

Skill      XL: |  1  2  3  4  5  6  7 |
---------------+----------------------+-----
Fighting       | 1 3 4 5 6 |  6.6
Spellcasting   | 4 6 8 10 12 | 12.6
Dodging        | 3 4 5 |  5.5
Armour         | |  0.8
Stealth        | |  1.5

Action                   |  1- 3 |  4- 6 |  7- 9 || total
-------------------------+-------+-------+-------++-------
Melee: Unarmed           |     6 |       |       ||     6
 Cast: Scorch            |     3 |    10 |     8 ||    21
       Conjure Flame     |     1 |     2 |       ||     3
       Foxfire           |       |     6 |       ||     6
  Use: Potion            |     1 |     1 |       ||     2
       Scroll            |       |       |     1 ||     1
Dodge: Dodged            |     2 |     3 |     1 ||     6
